 Dungeon Crawl Stone Soup version 0.30-b1-2-g02819fbbbe (webtiles) character file.

Game seed: 17323948567610641294

478 loralnil the Insei (level 7, 0/46 HPs)
             Began as an Octopode Transmuter on Dec 25, 2023.
             Slain by a sleepcap (17 damage)
             ... on level 4 of the Dungeon.
             The game lasted 00:04:47 (2499 turns).

loralnil the Insei (Octopode Transmuter)            Turns: 2499, Time: 00:04:47

Health: 0/46       AC:  1    Str: 10    XL:     7   Next: 11%
Magic:  12/12      EV:  2    Int: 17    God:
Gold:   276        SH:  0    Dex: 12    Spells: 6/12 levels left

rFire   + .          .
                       - Unarmed
rCold   + . .        (no shield)
rNeg    . . .        (helmet currently unavailable)
rPois   .            (no amulet)
rElec   .            b - ring of wizardry
rCorr   .            n - ring of Megalomania {rF+ SInv}
SInv    +            u - ring of protection from cold
Will    .....        (no ring)
Stlth   ++           (no ring)
HPRegen 0.27/turn    (no ring)
MPRegen 0.13/turn    (no ring)
                     (no ring)

%: wizardry (x1)
@: appendages (expiring), sleeping
A: tentacle spike 3, almost no armour, amphibious, 8 rings, camouflage 1,
gelatinous body 1, (nimble swimmer 1), tentacles
a: End Transformation


You were on level 4 of the Dungeon.
One of your tentacles had grown a beastly spike.
You visited 1 branch of the dungeon, and saw 6 of its levels.

You collected 276 gold pieces.

Inventory:

Missiles
 f - a throwing net
Magical Staves
 g - a staff of air
Jewellery
 b - a ring of wizardry (left tentacle)
 n - the ring of Megalomania (right tentacle) {rF+ SInv}
   (You found it on level 2 of the Dungeon)

   [ring of see invisible]

   rF:        It protects you from fire.
   SInv:      It lets you see invisible.
 u - a ring of protection from cold (on tentacle)
Wands
 x - a wand of light (10)
Scrolls
 c - 3 scrolls of teleportation
 d - a scroll of magic mapping {unknown}
 h - a scroll of silence {unknown}
 k - a scroll of noise {unknown}
 m - 2 scrolls of amnesia {unknown}
 r - a scroll of vulnerability {unknown}
 s - a scroll of blinking {unknown}
 v - a scroll of enchant weapon {unknown}
Potions
 a - 5 potions of lignification
 e - a potion of resistance
 i - 2 potions of mutation
 j - a potion of heal wounds
 l - a potion of invisibility {unknown}
 o - a potion of berserk rage {unknown}
 p - a potion of brilliance {unknown}
 q - a potion of degeneration {unknown}
 t - a potion of curing
 w - a potion of attraction {unknown}


   Skills:
 + Level 3.2 Fighting
 + Level 3.7 Dodging
 + Level 4.3 Unarmed Combat
 + Level 3.4 Spellcasting
 + Level 3.6 Transmutations


You had 6 spell levels left.
You knew the following spells:

 Your Spells              Type           Power      Damage    Failure   Level
a - Beastly Appendage     Tmut           30%        N/A       1%          1
b - Wereblood             Tmut           15%        N/A       2%          2
c - Spider Form           Tmut/Pois      9%         N/A       10%         3

Your spell library contained the following spells:

 Spells                   Type           Power      Damage    Failure   Level
 Magic Dart               Conj           8%         1d3       7%          1
 Call Imp                 Summ           4%         N/A       11%         2
 Poisonous Vapours        Pois/Air       4%         N/A       11%         2
 Scorch                   Fire           4%         2d5       11%         2
 Searing Ray              Conj           4%         2d4       11%         2
 Mephitic Cloud           Conj/Pois/Air  2%         N/A       21%         3
 Ice Form                 Ice/Tmut       9%         N/A       30%         4
 Flame Wave               Conj/Fire      2%         2d4       52%         4
 Fulminant Prism          Conj/Hex       1%         3d5       52%         4
 Leda's Liquefaction      Hex/Erth       1%         N/A       52%         4
 Freezing Cloud           Conj/Ice/Air   1%         6-21      86%         5
 Iron Shot                Conj/Erth      1%         9d1       100%        6
 Summon Cactus Giant      Summ           1%         N/A       100%        6
 Polar Vortex             Ice            1%         N/A       100%        9


Dungeon Overview and Level Annotations

Branches:
Dungeon (6/15)
 Temple: D:4-7

Altars:
Zin

Annotations:
D:1 2 transporters


Innate Abilities, Weirdness & Mutations

One of your tentacles has grown a beastly spike.
You cannot wear most types of armour.
You are amphibious.
You can wear up to eight rings at the same time.
Your skin changes colour to match your surroundings (Stealth+).
Your rubbery body absorbs attacks. (AC +1, EV +1)
((You are camouflaged when in or above water. (Stealth+)))
You have tentacles for arms and can constrict up to eight enemies at once.


Message History

One of your tentacles grows a vicious spike.
You tentacle-slap the sleepcap but do no damage.
You grab the sleepcap.
You pierce the sleepcap, but do no damage.
You constrict the sleepcap, but do no damage.
The sleepcap closely misses you.
You tentacle-slap the sleepcap but do no damage.
You squeeze the sleepcap.
The sleepcap is lightly damaged.
You constrict the sleepcap. The sleepcap releases spores at you!
You are engulfed in a cloud of soporific spores!
You fall asleep.
You lose your grip on the sleepcap.
The sleepcap releases spores at you!
You wake up.
You are engulfed in a cloud of soporific spores!
You are unaffected.
You tentacle-slap the sleepcap. You grab the sleepcap.
The sleepcap is moderately damaged.
You constrict the sleepcap, but do no damage.
The sleepcap releases spores at you.
You tentacle-slap the sleepcap but do no damage.
The sleepcap is moderately damaged.
You constrict the sleepcap. The sleepcap closely misses you.
You tentacle-slap the sleepcap but do no damage.
You squeeze the sleepcap, but do no damage.
The sleepcap is moderately damaged.
You constrict the sleepcap. The sleepcap closely misses you.
You tentacle-slap the sleepcap but do no damage.
You pierce the sleepcap.
You tentacle-slap the sleepcap.
The sleepcap is heavily damaged.
Your transformation is almost over.
You constrict the sleepcap. The sleepcap barely misses you.
You tentacle-slap the sleepcap. You squeeze the sleepcap.
The sleepcap is severely damaged.
You constrict the sleepcap. The sleepcap releases spores at you.
You are engulfed in a cloud of soporific spores!
You fall asleep.
You lose your grip on the sleepcap.
The sleepcap releases spores at you!
You die...

########################
......f@................
#######################.
#. #. #. #. #.
############## #.
#............# #.


You could see a sleepcap.

Vanquished Creatures
  Sigmund (D:2)
  Menkaure (D:5)
  A hound (D:4)
  Robin (D:2)
  6 adders
  A worm (D:3)
  5 dart slugs
  5 orcs
  4 bats
  4 endoplasms
  19 goblins
  9 hobgoblins
  2 quokkas
  5 ball pythons
  5 frilled lizards
  2 kobolds
  5 rats
76 creatures vanquished.

Notes
Turn   | Place    | Note
-------+----------+-------------------------------------------
     0 | D:1      | loralnil the Octopode Transmuter began the quest for the
                  | Orb.
     0 | D:1      | Reached XP level 1. HP: 13/13 MP: 3/3
    13 | D:1      | Found a faded altar of an unknown god.
    60 | D:1      | Got the Papyrus of Oromancy and the Chill
   120 | D:1      | Reached XP level 2. HP: 18/18 MP: 3/5
   123 | D:1      | Learned a level 2 spell: Wereblood
   645 | D:1      | Reached XP level 3. HP: 21/23 MP: 4/6
   856 | D:2      | Noticed Robin
   878 | D:2      | Killed Robin
   879 | D:2      | Reached XP level 4. HP: 29/29 MP: 4/7
   943 | D:2      | Learned a level 3 spell: Spider Form
   966 | D:2      | Identified the ring of Megalomania {rF+ SInv}
  1020 | D:2      | Noticed Sigmund
  1026 | D:2      | Found the +5 demon whip "Spellbinder" {antimagic, disrupt,
                  | Will+}
  1037 | D:2      | Killed Sigmund
  1038 | D:2      | Reached XP level 5. HP: 35/35 MP: 5/9
  1038 | D:2      | Reached XP level 6. HP: 41/41 MP: 5/10
  1126 | D:2      | Reached skill level 4 in Unarmed Combat
  1360 | D:2      | Identified the +2 spear "Guorit" {protect, Int+2}
  1877 | D:3      | Found a glowing silver altar of Zin.
  2062 | D:3      | You fall into a shaft and drop 3 floors!
  2128 | D:5      | Entered Level 5 of the Dungeon
  2132 | D:5      | Noticed Menkaure
  2251 | D:5      | Killed Menkaure
  2252 | D:5      | Reached XP level 7. HP: 33/46 MP: 9/12
  2499 | D:4      | Slain by a sleepcap

Illustrated notes

Levels and vault maps discovered:
D:1:      spicycebolla_arrival_transporter_tutorial, layout_basic,
          ebering_ecumenical_altar_webs, serial_park_tiny_1
D:2:      layout_rooms, guppyfry_early_orc_mine, uniq_robin, uniq_sigmund
D:3:      layout_loops_ring, zin_academy, grunt_decor_arrowhead
D:4:      layout_basic, elyvilon_altar_1
D:5:      layout_rooms, general_overflow_altar, minmay_temple_entry_trees,
          nicolae_nh_oracle_at_delphi, uniq_menkaure
D:6:      layout_loops_ring, mainiacjoe_overflow_large_starburst,
          minmay_diced_spiral

Skill      XL: |  1  2  3  4  5  6 |
---------------+-------------------+-----
Fighting       | 2 3 |  3.2
Dodging        | 3 |  3.7
Spellcasting   | 3 |  3.4
Transmutations | 3 |  3.6
Unarmed Combat | 4 |  4.3

Action                     |  1- 3 |  4- 6 |  7- 9 || total
---------------------------+-------+-------+-------++-------
  Melee: Unarmed           |    52 |    86 |    17 ||   155
         Kick              |    21 |    22 |     9 ||    52
         Tentacles         |    10 |    14 |     3 ||    27
         Constrict         |    14 |    27 |     6 ||    47
         Punch             |     1 |     2 |     2 ||     5
   Cast: Beastly Appendage |    15 |    24 |     4 ||    43
         Wereblood         |     1 |     1 |       ||     2
         Spider Form       |       |     1 |       ||     1
    Use: Scroll            |       |     4 |       ||     4
   Stab: Sleeping          |    10 |     5 |       ||    15
 Armour: Skin              |     4 |     4 |       ||     8
  Dodge: Dodged            |    28 |    38 |    11 ||    77
